[Event "ESP-chT Honor Division 2022"]
[Site "Linares"]
[Date "2022.09.19"]
[Round "3.24"]
[White "Garrido Outon, Alex"]
[Black "Garcia Martin, Marta"]
[Result "1-0"]
[ECO "C88"]
[WhiteElo "2411"]
[BlackElo "2325"]
[Annotator "TA"]
[PlyCount "57"]
[EventDate "2022.09.17"]
[EventType "team-tourn"]
[EventCountry "ESP"]
[SourceTitle "playchess.com"]
[Source "ChessBase"]
[SourceQuality "1"]
[TimeControl "5400+30"]

1. e4 e5 2. Nf3 Nc6 3. Bb5 a6 4. Ba4 Nf6 5. O-O Be7 6. Re1 b5 7. Bb3 O-O 8. h3 Bb7 9. d3 {[%emt 0:00:27] CPLX 2.2} d5 {[%emt 0:01:00] CPLX 2.3 16 (d7-d6) (=16). C88: Closed Ruy Lopez: Anti-Marshall Systems.} 10. exd5 {[%emt 0:01:13] EASY} Nxd5 {[%emt 0:00:08] RECAPT} 11. a4 $1 {[%emt 0:00:37][%mdl 4] CPLX 2.5 8 (Nf3xe5) (=3) is recently more successful than 11.Nxe5.} Ndb4 {[%emt 0:03:21] BESTDEEP. The position is equal.} 12. Nbd2 {[%emt 0:15:16] BESTDEEP} Na5 {[%emt 0:02:05][%cal Oe5e4] CPLX 3.0 27 (Be7-d6) (=11)} 13. Nxe5 {[%emt 0:00:30] CPLX 3.2} (13. Rxe5 Bd6 14. Re1 Nxb3 15. Nxb3 Bxf3 16. gxf3 Qd7 $15) 13... Nxb3 {[%emt 0:00:22] CPLX 3.7} 14. Nxb3 {[%emt 0:00:09] RECAPT} Qd5 {[%emt 0:08:22][%csl Gb7][%cal Rd5g2] CPLX 3.2} 15. Nf3 {[%emt 0:00:19] CPLX 4.5 15 (f2-f3) (=3)} Qd7 {[%emt 0:14:06] CPLX 3.2 9 (b5xa4) (=7)} 16. Ne5 {[%emt 0:00:17] CPLX 2.9 27 (Re1-e3) (=6)} Qd5 {[%emt 0:00:13][%csl Gb7][%cal Rd5g2] CPLX 3.6} 17. Nf3 {[%emt 0:00:11] CPLX 4.5 29 (f2-f3) (=9)} Qd7 {[%emt 0:00:07] BESTDEEP} 18. Re3 {[%emt 0:00:14] BESTDEEP} Nd5 {[%emt 0:20:51] BESTDEEP} 19. Re5 {[%emt 0:00:30] CPLX 2.8} Bd6 {[%emt 0:03:32] This bishop pair is nice. CPLX 2.8} 20. Re1 {[%emt 0:00:17] BESTDEEP} Nb4 {[%emt 0:08:52] And now ...Bxf3 would win. CPLX 2.6 8 (Ra8-e8) (=5)} 21. Ne5 {[%emt 0:05:36] [#] CPLX 3.1 33 (Nf3-h4) (=9)} Bxe5 $146 {[%emt 0:02:29] RELBLUND 66 (Qd7-f5) (=10)} (21... Qf5 $11 22. Nd4 Qf6) ({Predecessor:} 21... Qf5 22. Nd4 Qf6 23. Ndf3 Bxe5 24. Nxe5 Rae8 25. d4 Qf5 26. Ra3 f6 27. Nd3 Qd5 28. Nf4 Rxe1+ 29. Qxe1 Nxc2 30. Nxd5 Nxe1 {½-½ (43) Kharlamov,V (2496)-Brasier,J (2435) ICCF email 2018}) 22. Rxe5 $14 {[%emt 0:00:12][%cal Be1e5,Be5g5,Bg5g3][%mdl 32] RECAPT} Qc6 {[%emt 0:00:55] [#] MISSDEEP-Bb7-d5 90 (Bb7-d5) (=15)} (22... Bd5 $16 {was necessary.}) 23. Rg5 $1 $18 {[%emt 0:03:15] Threatens to win with Na5. DEEPSTRONG=>BLUNDERREACT} f6 {[%emt 0:08:14] [#] CPLX 3.4 69 (Qc6xc2) (=19)} ({Black should try} 23... Qxc2 24. Be3 Qxd1+ 25. Rxd1 bxa4) 24. Rg3 $1 $36 {[%emt 0:03:35][%mdl 2048] Hoping for Qg4. White is on the roll. DEEPSTRONG} ({Don't take} 24. Nd4 $6 Qd7 25. Rg3 Qxd4 $11) 24... f5 {[%emt 0:06:07] Against Qg4. CPLX 3.4 142 (Rf8-f7) (=27)} (24... Rf7 $142) 25. Na5 $18 {[%emt 0:08:57] BESTDEEP} Qxc2 {[%emt 0:04:15] CPLX 3.8 66 (Qc6-b6) (=29)} 26. Bd2 {[%emt 0:09:44] CPLX 5.2. White is winning.} Qxd1+ {[%emt 0:11:57] EASY} 27. Rxd1 {[%emt 0:00:05] RECAPT} f4 {[%emt 0:00:11] CPLX 2.6 11 (Bb7-d5) (=27)} 28. Rg5 {[%emt 0:00:52] CPLX 3.0} ({Inferior is} 28. Nxb7 fxg3 29. Bxb4 Rxf2 $15) 28... h6 {[%emt 0:00:55] BESTDEEP} 29. Bxb4 {[%emt 0:00:50] Weighted Error Value: White=0.07 (flawless) /Black=0.29 (precise)} ({Not} 29. Nxb7 hxg5 30. Bxb4 Rf6 $18) 1-0

[Event "ESP-chT Honor Division 2022"]
[Site "Linares"]
[Date "2022.09.20"]
[Round "4.1"]
[White "Shirov, Alexei"]
[Black "Cheparinov, Ivan"]
[Result "1/2-1/2"]
[ECO "B23"]
[WhiteElo "2673"]
[BlackElo "2686"]
[Annotator "TA"]
[PlyCount "87"]
[EventDate "2022.09.17"]
[EventType "team-tourn"]
[EventCountry "ESP"]
[SourceTitle "playchess.com"]
[Source "ChessBase"]
[SourceQuality "1"]
[TimeControl "5400+30"]

1. e4 c5 2. Nc3 d6 3. d4 cxd4 4. Qxd4 Nc6 5. Qd2 Nf6 {[%emt 0:01:10] CPLX 2.0} (5... g6 6. b3 Bh6 7. f4 Nf6 8. Bb2 O-O 9. O-O-O a5 10. a4 Nb4 11. Nf3 Bg4 12. Kb1 Rc8 13. Bc4 Qb6 14. h3 Bxf3 15. gxf3 Nh5 16. Ne2 Rxc4 17. bxc4 Rc8 18. Qc3 Bg7 19. Qb3 Bxb2 20. Kxb2 Qc5 21. f5 Qe5+ 22. Kb1 Nf6 23. Nc3 Rc5 24. Nb5 {0-1 (55) Shirov,A (2662)-Cheparinov,I (2667) Tornelo INT 2021}) 6. b3 {[%emt 0:00:08] CPLX 2.0 9 (Bf1-c4) (=9). B23: Closed Sicilian: Lines without g3.} e6 {[%emt 0:00:05] BESTDEEP} 7. Bb2 {[%emt 0:00:16] BESTDEEP} d5 {[%emt 0:00:05] CPLX 2.1 30 (Bf8-e7) (=10) is now debated instead of 7...Be7.} 8. exd5 {[%emt 0:02:16] BESTDEEP} exd5 {[%emt 0:00:08] RECAPT} 9. O-O-O {[%emt 0:03:38][%cal Rc3d5,Ba1d1,Bd1d2,Bd2e2][%mdl 32] BESTDEEP} Be6 $1 {[%emt 0:00:05] DEEPSTRONG} 10. Kb1 {[%emt 0:36:49] CPLX 2.2 16 (Bf1-d3) (=5)} Qa5 $1 {[%emt 0:01:55] DEEPSTRONG} 11. Nb5 {[%emt 0:08:52] BESTDEEP} Qxd2 {[%emt 0:00:12] CPLX 3.5} 12. Rxd2 {[%emt 0:00:14] RECAPT} Bb4 {[%emt 0:09:16] CPLX 2.2} 13. Re2 {[%emt 0:19:43] BESTDEEP} O-O-O {[%emt 0:02:34] Prevents Nc7. BESTDEEP} 14. Nf3 {[%emt 0:00:03] CPLX 2.6 9 (Nb5-d4) (=4)} Rhe8 {[%emt 0:08:50] CPLX 2.6 14 (Be6-g4) (=4)} 15. Nfd4 {[%emt 0:03:32] BESTDEEP} Bd7 {[%emt 0:23:49] CPLX 2.9 8 (Bb4-c5) (=5)} 16. f3 {[%emt 0:00:16] Inhibits Ne4. BESTDEEP} a6 {[%emt 0:01:00] CPLX 3.0 5 (Bb4-c5) (=5)} 17. Nxc6 {[%emt 0:00:14] BESTDEEP} bxc6 {[%emt 0:01:02] [#] RECAPT} 18. Nc3 $146 {[%emt 0:00:07] BESTDEEP} ({Predecessor:} 18. Ba3 Bxa3 19. Nxa3 a5 20. Rxe8 Rxe8 21. Bd3 Kc7 22. Kc1 a4 23. Kd2 axb3 24. axb3 {½-½ (40) Jones,G (2670)-Donchenko,A (2646) Playchess.com INT 2020}) 18... Kb7 {[%emt 0:02:05] CPLX 2.4} 19. Na4 {[%emt 0:00:23] CPLX 2.4} Bf5 {[%emt 0:10:39] CPLX 2.6 19 (Rd8-c8) (=5)} 20. g4 {[%emt 0:00:13] CPLX 2.9 18 (Bb2-d4) (=3)} Bg6 {[%emt 0:00:04] CPLX 3.2} 21. h4 {[%emt 0:00:54] [#] Threatens to win with h5. CPLX 2.9 13 (Bb2-d4) (=4)} h5 {[%emt 0:01:17] CPLX 3.0} 22. g5 {[%emt 0:01:18] CPLX 3.2 14 (Bb2-d4) (=5)} Nd7 {[%emt 0:01:37] CPLX 3.0} 23. Bxg7 {[%emt 0:08:48] CPLX 2.7} Rxe2 $1 {[%emt 0:01:09] DEEPSTRONG} 24. Bxe2 {[%emt 0:00:04] RECAPT} Re8 {[%emt 0:00:01] EASY} 25. Bf1 {[%emt 0:03:42] CPLX 2.5 11 (Rh1-h2) (=5)} Ne5 {[%emt 0:07:28] MISS-Re8-e1 22 (Re8-e1) (=5)} 26. Bg2 {[%emt 0:01:03][%cal Oa2a3] CPLX 2.4 0 (Bf1-e2) (=4)} Nc4 {[%emt 0:12:42] CPLX 2.4 0 (Ne5-d7) (=4)} 27. bxc4 {[%emt 0:00:24] EASY} Re2 {[%emt 0:00:06] EASY} 28. Bh3 {[%emt 0:07:53] Black must now prevent Rc1. CPLX 3.1 0 (Kb1-a1) (=4)} ({Avoid the trap} 28. Bf1 $2 Rxc2 29. Bg2 (29. Ka1 $2 {is a self mate.} Rc1+ 30. Kb2 Rb1#) 29... Rxg2+ 30. Ka1 dxc4 $19) 28... Bxc2+ {[%emt 0:01:05] EASY} 29. Ka1 {[%emt 0:00:03] aiming for Nc3. CPLX 2.8} Bxa4 {[%emt 0:00:12] EASY} 30. Rb1 {[%emt 0:00:08] CPLX 2.3 8 (c4xd5) (=4)} Re1 {[%emt 0:01:07] CPLX 2.6 8 (a6-a5) (=4)} 31. cxd5 {[%emt 0:02:42] CPLX 2.9} cxd5 {[%emt 0:01:13] RECAPT} 32. f4 {[%emt 0:01:21] CPLX 2.8 20 (Bh3-f5) (=4)} Bc2 {[%emt 0:03:42][%csl Gc2][%cal Re1b1] CPLX 2.7} 33. Rxe1 {[%emt 0:00:05] EASY} Bxe1 $11 {[%emt 0:00:03][%mdl 4096] Endgame KBB-KBB. RECAPT} 34. f5 $1 {[%emt 0:00:56] DEEPSTRONG} Bxh4 {[%emt 0:00:46] CPLX 2.0 23 (Be1-g3) (=4)} 35. Kb2 {[%emt 0:00:16] [#] MISSDEEP-g5-g6 67 (g5-g6) (=6)} (35. g6 $1 $11 fxg6 36. f6) 35... Be4 {[%emt 0:01:22] RELBLUND 83 (Bc2-a4) (=7)} (35... Ba4 $1 $17 36. g6 Be8 37. gxf7 Bxf7) 36. g6 {[%emt 0:00:30] CPLX 2.0=>BLUNDERREACT. The position is equal.} fxg6 {[%emt 0:00:15] EASY} 37. f6 {[%emt 0:00:07] EASY} d4 {[%emt 0:03:23] And now ...Bd5 would win. CPLX 2.3 8 (Kb7-c6) (=7)} 38. Be6 {[%emt 0:01:27] Prevents Bd5. MISS-f6-f7 7 (f6-f7) (=6)} Kc6 {[%emt 0:01:42] CPLX 2.4} 39. f7 {[%emt 0:00:20] EASY} Be7 {[%emt 0:00:04] ...Bd5 is the strong threat. EASY} 40. f8=Q {[%emt 0:00:27] CPLX 3.1} Bxf8 {[%emt 0:00:03] EASY} 41. Bxf8 {[%emt 0:00:05] RECAPT} h4 {[%emt 0:02:08] Strongly threatening ...Bf5. CPLX 2.3 0 (Be4-f5) (=6)} 42. Be7 {[%emt 0:00:20] EASY} Bf5 $1 {[%emt 0:00:02] CPLX 2.4} 43. Bxf5 {[%emt 0:00:08] EASY} gxf5 {[%emt 0:00:03] RECAPT} 44. Bxh4 {[%emt 0:00:06] Weighted Error Value: White=0.06 (flawless) /Black=0.08 (flawless)} 1/2-1/2

[Event "ESP-chT Honor Division 2022"]
[Site "Linares"]
[Date "2022.09.20"]
[Round "4.2"]
[White "Santos Latasa, Jaime"]
[Black "Alekseenko, Kirill"]
[Result "1-0"]
[ECO "E32"]
[WhiteElo "2680"]
[BlackElo "2707"]
[Annotator "TA"]
[PlyCount "119"]
[EventDate "2022.09.17"]
[EventType "team-tourn"]
[EventCountry "ESP"]
[SourceTitle "playchess.com"]
[Source "ChessBase"]
[SourceQuality "1"]
[TimeControl "5400+30"]

1. d4 Nf6 2. c4 e6 3. Nc3 Bb4 4. Qc2 O-O 5. a3 Bxc3+ 6. Qxc3 h6 {[%emt 0:06:37] CPLX 2.0 17 (b7-b6) (=17) 6...d5 is a critical line.} 7. Nf3 {[%emt 0:05:03] CPLX 2.0 12 (Qc3-c2) (=12). E32: Nimzo-Indian: Classical (4 Qc2): 4...0-0.} b6 {[%emt 0:02:09] BESTDEEP} 8. g4 {[%emt 0:11:20] CPLX 2.0 17 (b2-b3) (=15)} Bb7 {[%emt 0:17:19] CPLX 2.0 37 (d7-d5) (=18)} 9. Rg1 {[%emt 0:07:01] BESTDEEP. White is slightly better.} Ne4 {[%emt 0:09:33] [#] CPLX 2.1} 10. Qe3 $146 {[%emt 0:05:20] CPLX 2.6} ({Predecessor:} 10. Qc2 Ng5 11. Nxg5 hxg5 12. e4 d6 13. Be3 Nd7 14. Bd3 e5 15. O-O-O Qe7 16. d5 {½-½ (59) Mannberg,H (1884)-Patola,E (1932) Helsinki 2013}) 10... d6 {[%emt 0:01:26] CPLX 2.3 35 (Qd8-e7) (=18)} 11. g5 {[%emt 0:01:03] CPLX 2.4 31 (Bf1-g2) (=12)} h5 {[%emt 0:01:55] CPLX 2.7 52 (Ne4xg5) (=24)} (11... Nxg5 $14 12. Nxg5 hxg5) 12. g6 $16 {[%emt 0:00:25] CPLX 2.5} Qf6 {[%emt 0:19:44] BESTDEEP} 13. gxf7+ {[%emt 0:13:01] CPLX 3.8} Qxf7 {[%emt 0:00:54] MISS-Rf8xf7 48 (Rf8xf7) (=24)} (13... Rxf7 $142 14. Bh3 Nd7) 14. Bg2 {[%emt 0:03:27][%cal Bf1g2,Bg2b7,Bb7c6,Bc6e4,Be4g6][%mdl 32] [#] Strongly threatening Ng5. CPLX 3.3 44 (Bf1-h3) (=13)} Nd7 {[%emt 0:09:31] CPLX 2.9 65 (c7-c5) (=28)} (14... c5 $16 {was called for.}) 15. Ng5 $18 {[%emt 0:05:29] EASY} Nxg5 {[%emt 0:00:09] EASY} 16. Bxb7 {[%emt 0:00:05] EASY} Rab8 {[%emt 0:00:25] EASY} 17. Bc6 {[%emt 0:02:31] CPLX 3.7} Nh7 {[%emt 0:00:15] BESTDEEP} (17... Nh3 $2 18. Bxd7 Nf4 19. Qxf4 Qxd7 20. Qh6 $18) 18. Be4 {[%emt 0:03:57] White is more active. CPLX 3.2 14 (Qe3-g3) (=10)} Ndf6 {[%emt 0:07:23] CPLX 4.1 53 (Qf7-e7) (=24)} (18... Qe7 $16 {might work better.}) 19. Bg6 {[%emt 0:01:12] This bishop pair is nice. EASY} Qe7 {[%emt 0:00:28] CPLX 3.4 6 (Qf7-d7) (=22)} 20. Bd2 {[%emt 0:01:56] CPLX 3.1 9 (d4-d5) (=9)} c5 {[%emt 0:03:19] CPLX 3.1 34 (b6-b5) (=23)} 21. h3 {[%emt 0:02:53] CPLX 3.3 62 (d4xc5) (=13)} ({Better is} 21. dxc5 $18 bxc5 22. Bc3) 21... cxd4 $16 {[%emt 0:01:24] CPLX 3.3} 22. Qxd4 {[%emt 0:00:19] RECAPT} e5 {[%emt 0:01:08] CPLX 3.3 31 (Rb8-c8) (=22)} 23. Qd3 {[%emt 0:00:30] CPLX 3.1} a5 {[%emt 0:07:35] CPLX 3.3 60 (Rb8-b7) (=24)} (23... Rb7 {is a better defense.} 24. Bb4 Rd8) 24. O-O-O $18 {[%emt 0:01:40] CPLX 3.4} Kh8 {[%emt 0:01:46] CPLX 3.4} 25. Kb1 {[%emt 0:00:47] CPLX 3.2} Rfd8 {[%emt 0:01:34] CPLX 3.2 0 (Rb8-c8) (=22)} 26. Bxh7 {[%emt 0:04:27] CPLX 3.2 21 (Rg1-g2) (=11)} Nxh7 {[%emt 0:00:06] RECAPT} 27. Rg6 {[%emt 0:00:05] CPLX 3.1} Rd7 {[%emt 0:03:14] CPLX 2.6 21 (Nh7-f8) (=21)} 28. Be3 {[%emt 0:02:04] BESTDEEP} Nf6 {[%emt 0:00:20] CPLX 2.7 12 (Nh7-f8) (=20)} 29. Bg5 {[%emt 0:02:12] CPLX 2.8} Rf8 {[%emt 0:00:02] CPLX 2.9} 30. Rg1 {[%emt 0:01:01] BESTDEEP} Qe6 {[%emt 0:00:48] CPLX 2.9 38 (a5-a4) (=20)} 31. Qf3 {[%emt 0:03:11] Bxf6 is the strong threat. CPLX 3.0 34 (Kb1-a1) (=10)} e4 {[%emt 0:00:18] CPLX 3.0 103 (Rd7-c7) (=24)} (31... Rc7 $142 32. Bxf6 Rxf6 33. Qxh5+ Kg8 34. Rxf6 Qxf6 35. Qe8+ Qf8 36. Qe6+ Kh7 37. Qg6+ Kg8 38. Qe6+ Kh7 39. Qg6+ Kg8) 32. Qg3 {[%emt 0:02:36] And now Bxf6 would win. CPLX 3.1 61 (Qf3-e3) (=12)} (32. Qxh5+ Nxh5 33. Rxe6 Rxf2 $16) 32... e3 {[%emt 0:01:04] CPLX 2.7 29 (Qe6-e5) (=24)} (32... Qxc4 33. Bxf6 Rxf6 34. Rxg7 e3 35. Rxd7 Qe4+ 36. Ka2 Qc4+ 37. Ka1) 33. Bxf6 {[%emt 0:02:05] CPLX 4.3 164 (Bg5xe3) (=17)} (33. Qxe3 $6 Qf5+ 34. Qd3 Qxd3+ 35. exd3 d5 $18) (33. Bxe3 $18 {has better winning chances.} Rff7 34. Bd4 (34. Bxb6 Qxe2 35. Qe3 Qxe3 $16) 34... Qe4+ 35. Qd3) 33... Rxf6 $16 {[%emt 0:00:39] RECAPT} 34. Rxf6 {[%emt 0:01:34] Dancing on a razor blade. RECAPT} ({But not} 34. fxe3 $6 Qe4+ 35. Ka2 (35. Ka1 Rxg6 36. Qxg6 Qxg6 $11) 35... Qxc4+ 36. Ka1 Qf7 $11) (34. Rxg7 $6 exf2 35. Rg8+ Kh7 36. Rg7+ Kh8 37. Rg8+ Kh7 38. Rg7+ Kh8 $11) 34... Qxf6 {[%emt 0:00:05] RECAPT} 35. Qxe3 $18 {[%emt 0:00:49][%mdl 4096] Endgame Hoping for Qe8+. KQR-KQR. CPLX 3.3} Re7 {[%emt 0:00:15] Against Qe8+. EASY} 36. Qg5 {[%emt 0:00:50] CPLX 3.3 2 (Qe3xb6) (=16)} Qf7 {[%emt 0:00:47] BESTDEEP} 37. e3 {[%emt 0:00:59] CPLX 2.6 39 (Qg5-g6) (=16)} Kh7 {[%emt 0:00:46] BESTDEEP} 38. Rd1 {[%emt 0:02:32] BESTDEEP} Re5 {[%emt 0:00:15] White now steadily converts the win. CPLX 2.6} 39. Qg2 {[%emt 0:00:11] CPLX 2.9} Qf5+ {[%emt 0:00:24] CPLX 2.5} 40. Ka1 {[%emt 0:00:22] CPLX 2.7} b5 {[%emt 0:00:58] CPLX 2.7 52 (Qf5-e6) (=20)} (40... Qe6 $142) 41. cxb5 $16 {[%emt 0:00:43] EASY} ({Don't play} 41. Rxd6 bxc4 42. Rc6 Qe4 43. Qxe4+ Rxe4 $14) 41... Rxb5 {[%emt 0:00:04] RECAPT} 42. f4 $40 {[%emt 0:00:17][%mdl 128] White has strong attack. CPLX 3.0} Rc5 {[%emt 0:00:47] CPLX 3.0 39 (Qf5-e6) (=20)} 43. Rg1 {[%emt 0:01:01][%csl Gg1][%cal Rg2g7] CPLX 2.8 36 (Rd1xd6) (=15)} Rc7 {[%emt 0:00:34] CPLX 3.8 21 (Qf5-f6) (=20)} 44. Qg5 {[%emt 0:01:35] CPLX 3.2 0 (Qg2-f3) (=14)} Qxg5 {[%emt 0:00:36] MISSDEEP-g7-g6 120 (g7-g6) (=22)} (44... g6 $142 45. Qxf5 gxf5) 45. Rxg5 $18 {[%emt 0:00:19] KR-KR. RECAPT} ({Not} 45. fxg5 Kg6 $11) 45... g6 {[%emt 0:00:11] CPLX 2.0 93 (a5-a4) (=24)} 46. f5 {[%emt 0:01:55] BESTDEEP} gxf5 {[%emt 0:00:04] CPLX 2.0 2 (a5-a4) (=24)} 47. Rxf5 {[%emt 0:00:05] RECAPT} Kg6 $2 {[%emt 0:00:04] CPLX 2.0 249 (a5-a4) (=29)} (47... a4 48. Rxh5+ Kg7) 48. Rxa5 {[%emt 0:00:17] CPLX 2.0=>BLUNDERREACT} Rc1+ {[%emt 0:00:34] EVAL 189 (h5-h4) (=33)} 49. Ka2 {[%emt 0:00:06] EVAL} Rh1 {[%emt 0:00:03] EVAL} 50. Rd5 {[%emt 0:00:37] CPLX 2.0 75 (a3-a4) (=14)} Rxh3 {[%emt 0:00:08] EASY} 51. Rxd6+ {[%emt 0:00:05] EASY} Kg5 {[%emt 0:00:14] EVAL 357 (Kg6-f7) (=38)} (51... Kf7 $142 52. a4 h4) 52. b4 {[%emt 0:02:26][%cal Bb2b4,Bb4b5,Bb5b6][%mdl 32] EVAL} Rxe3 {[%emt 0:00:06] BEVAL 400 (Rh3-h2) (=46)} 53. b5 {[%emt 0:00:16] BEVAL} h4 {[%emt 0:00:16] BEVAL 0 (Kg5-f4) (=45)} 54. a4 {[%emt 0:01:21] BEVAL} h3 {[%emt 0:00:47] BEVAL 0 (Re3-e4) (=44)} 55. Rd1 {[%emt 0:00:07] BEVAL} h2 {[%emt 0:02:51] [#] RELBLUND 400 (Kg5-g4) (=51)} 56. Rh1 $1 {[%emt 0:00:37] DEEPSTRONG. White mates.} Re2+ {[%emt 0:00:13] RELBLUND 0 (Re3-e4) (=50)} 57. Kb3 {[%emt 0:00:17] EASY} Kf4 {[%emt 0:00:36] RELBLUND 7 (Re2-e3) (=49)} 58. b6 {[%emt 0:00:27] CPLX 2.9} Re3+ {[%emt 0:00:45] RELBLUND} 59. Kc4 {[%emt 0:00:44] CPLX 3.1} Re2 {[%emt 0:00:34] MISS-Re3-e4 0 (Re3-e4) (=48)} 60. a5 {[%emt 0:00:33] Weighted Error Value: White=0.16 (very precise) /Black=0.41} 1-0